 Dungeon Crawl Stone Soup version 0.30-a0-329-g85436e0a43 (webtiles) character file.

Game seed: 16833331577009842371

63878 purpskrrrp the Brawler (level 14, 0/148 HPs)
             Began as a Troll Fighter on Oct 29, 2022.
             Was a High Priest of Wu Jian.
             Slain by a 13-headed hydra (6 damage)
             ... on level 5 of the Lair of Beasts.
             The game lasted 00:52:40 (18189 turns).

purpskrrrp the Brawler (Troll Fighter)             Turns: 18189, Time: 00:52:40

Health: 0/148      AC: 16    Str: 31    XL:     14   Next: 69%
Magic:  13/13      EV:  7    Int:  9    God:    Wu Jian [*****.]
Gold:   1603       SH: 10    Dex:  9    Spells: 13/13 levels left

rFire   . . .      SeeInvis +      - Unarmed
rCold   + + +      Faith    .    X - +0 kite shield {AC+3}
rNeg    . . .      Spirit   .    W - +0 ice dragon scales
rPois   .          Reflect  .    B - +2 hat
rElec   .          Harm     .    l - scarf {rC+ rF+}
rCorr   +          Rampage  +    (gloves unavailable)
Will    +....                    (boots unavailable)
Stlth   ..........               L - amulet of Zasu {RegenMP Rampage Int+5}
HPRegen 1.24/turn                K - ring of resist corrosion
MPRegen 0.53/turn                r - ring of see invisible

@: no status effects
A: large, unfitting armour, claws 3, regeneration 1, shaggy fur 1, tough skin 1
a: Renounce Religion, Wall Jump, Serpent's Lash, Heavenly Storm


You were on level 5 of the Lair of Beasts.
You worshipped Wu Jian.
Wu Jian was extremely pleased with you.
You visited 3 branches of the dungeon, and saw 19 of its levels.
You also visited: Bailey and Ice Cave.

You collected 1603 gold pieces.

Inventory:

Hand Weapons
 p - a +0 giant spiked club
Missiles
 n - a throwing net
 D - 14 large rocks
 T - 2 boomerangs of dispersal
Armour
 a - a +0 robe
 b - a +0 kite shield
 l - a scarf of resistance (worn)
 u - a +2 robe of willpower
 x - +0 acid dragon scales
 B - a +2 hat (worn)
 F - a +2 kite shield of cold resistance
 W - +0 ice dragon scales (worn)
 X - a +0 kite shield of protection (worn)
Jewellery
 h - an amulet of the acrobat
 j - an amulet of guardian spirit
 k - a ring of protection from fire
 q - a ring of willpower
 r - a ring of see invisible (right claw)
 y - a ring of ice
 C - a ring of protection from cold
 G - an amulet of magic regeneration
 J - a ring of magical power
 K - a ring of resist corrosion (left claw)
 L - the amulet of Zasu (around neck) {RegenMP Rampage Int+5}
   (You took it off an orc wizard on level 12 of the Dungeon)

   [amulet of magic regeneration]

   It increases your rate of magic regeneration.
   Int:       It affects your intelligence (+5).
   Rampage:   It bestows one free step when moving towards enemies.
 M - an amulet of faith
Wands
 c - a wand of paralysis (14)
 m - a wand of digging (5)
 w - a wand of flame (27)
 I - a wand of mindburst (9)
 N - a wand of polymorph (3)
 S - a wand of iceblast (2)
Scrolls
 f - 10 scrolls of identify
 i - 6 scrolls of teleportation
 s - 3 scrolls of butterflies
 H - a scroll of blinking
 O - 2 scrolls of vulnerability
 R - 2 scrolls of summoning
 U - a scroll of immolation
Potions
 d - 4 potions of degeneration
 e - 5 potions of mutation
 g - 8 potions of attraction
 o - a potion of haste
 t - 3 potions of invisibility
 v - a potion of resistance
 z - 3 potions of flight
 A - 4 potions of curing
 E - a potion of brilliance
 P - a potion of cancellation
 Q - 8 potions of ambrosia
 V - a potion of might


   Skills:
 + Level 11.7 Fighting
 - Level 2.4 Dodging
 - Level 12.0 Shields
 * Level 18.8 Unarmed Combat


You had 13 spell levels left.
You didn't know any spells.
Your spell library contained the following spells:

 Spells                   Type           Power      Damage    Failure   Level
 Apportation              Tloc           0%         N/A       87%         1
 Beastly Appendage        Tmut           0%         N/A       87%         1
 Kiss of Death            Conj/Necr      0%         2d5       87%         1
 Necrotise                Necr           0%         1d4       87%         1
 Summon Small Mammal      Summ           0%         N/A       87%         1
 Cigotuvi's Dreadful Rot  Necr/Pois/Air  0%         N/A       95%         2
 Ensorcelled Hibernation  Hex/Ice        0%         N/A       95%         2
 Passwall                 Tmut/Erth      0%         N/A       95%         2
 Poisonous Vapours        Pois/Air       0%         N/A       95%         2
 Wereblood                Tmut           0%         N/A       95%         2
 Confusing Touch          Hex            0%         N/A       99%         3
 Frozen Ramparts          Ice            0%         1d1       99%         3
 Hailstorm                Conj/Ice       0%         3d3       99%         3
 Ignite Poison            Fire/Tmut/Pois 0%         N/A       99%         3
 Kindle Blastsparks       Fire/Tloc/Air  0%         2d10      99%         3
 Mephitic Cloud           Conj/Pois/Air  0%         N/A       99%         3
 Spider Form              Tmut/Pois      0%         N/A       99%         3
 Swiftness                Air            0%         N/A       99%         3
 Dispel Undead            Necr           0%         3d6       100%        4
 Ice Form                 Ice/Tmut       0%         N/A       100%        4
 Summon Ice Beast         Ice/Summ       0%         N/A       100%        4
 Freezing Cloud           Conj/Ice/Air   0%         6-21      100%        5
 Summon Mana Viper        Hex/Summ       0%         N/A       100%        5
 Yara's Violent Unravell  Hex/Tmut       0%         3d3       100%        5
 Simulacrum               Ice/Necr       0%         N/A       100%        6
 Enfeeble                 Hex            0%         N/A       100%        7
 Monstrous Menagerie      Summ           0%         N/A       100%        7


Dungeon Overview and Level Annotations

Branches:
Dungeon (13/15)            Temple (1/1) D:7            Lair (5/5) D:8
  Swamp (0/4) Lair:3        Snake (0/4) Lair:3          Orc (0/2) D:9
 Bailey (visited)           IceCv (visited)
  Slime: Lair:4-5    Vaults: D:13-14

Altars:
Ashenzari
Cheibriados
Dithmenos
Elyvilon
Fedhas
Gozag
Hepliaklqana
Kikubaaqudgha
Makhleb
Nemelex Xobeh
Okawaru
Qazlal
Ru
Sif Muna
Trog
Uskayaw
Vehumet
Wu Jian
Xom
Yredelemnul
Zin
The Shining One

Shops:
D:12 (

Annotations:
D:5 2 transporters, Low2's ghost, novice OgCA
D:13 Kirke
Lair:3 2 transporters, KennySheep's ghost, journeyman DgCj


Innate Abilities, Weirdness & Mutations

You are too large for most types of armour.
You have claws for hands.
Your natural rate of healing is unusually fast.
You are covered in fur. (AC +1)
You have tough skin. (AC +1)


Message History

The 11-headed hydra bites you.
* * * LOW HITPOINT WARNING * * *
You block the 11-headed hydra's attack. The 11-headed hydra closely misses you.
The 11-headed hydra bites you but does no damage.
You block the 11-headed hydra's attack.
You rip one of the 11-headed hydra's heads off!
The ten-headed hydra grows two more!
You mangle the 12-headed hydra!!
The 12-headed hydra is heavily wounded.
You block the 12-headed hydra's attack.
The 12-headed hydra bites you but does no damage.
You block the 12-headed hydra's attack.
The 12-headed hydra bites you but does no damage.
The 12-headed hydra barely misses you.
The 12-headed hydra bites you but does no damage. x2
The 12-headed hydra barely misses you.
The 12-headed hydra bites you but does no damage.
The 12-headed hydra bites you.
* * * LOW HITPOINT WARNING * * *
You block the 12-headed hydra's attack. x2
You tear one of the 12-headed hydra's heads off!
The 11-headed hydra grows two more!
You scratch the 13-headed hydra.
The 13-headed hydra is heavily wounded.
You feel sick.
You feel sick.
You are no longer poisoned.
The 13-headed hydra attacks as you move away!
The 13-headed hydra bites you!
* * * LOW HITPOINT WARNING * * *
You block the 13-headed hydra's attack. The 13-headed hydra bites you.
* * * LOW HITPOINT WARNING * * *
You block the 13-headed hydra's attack. The 13-headed hydra bites you!
* * * LOW HITPOINT WARNING * * *
The 13-headed hydra bites you.
* * * LOW HITPOINT WARNING * * *
The 13-headed hydra bites you but does no damage.
You block the 13-headed hydra's attack. The 13-headed hydra bites you!
* * * LOW HITPOINT WARNING * * *
The 13-headed hydra bites you but does no damage.
The 13-headed hydra bites you.
You die...

...######.## ##....<......P....
..P## ##.#####......###...P....
....## ##............# ..PP....
.....#######.....#....## ...P....
.#....##....#....##............#?
................##....♣♣♣
.♣♣....♣♣♣.♣♣........♣♣ ♣♣♣♣..♣♣
♣♣♣♣♣♣...♣♣♣♣ ♣♣♣♣ ♣♣@♣♣ ♣D♣♣
♣†♣♣ ♣..♣ ♣....♣ ♣...♣....
..♣.♣♣♣♣.$.♣ l♣♣♣. ♣♣♣♣ .. ♣♣


You could see a 13-headed hydra.

Vanquished Creatures
  Gastronok (D:10)
  A frost giant (IceCv)
  2 hydras
  A catoblepas (Lair:4)
  6 boulder beetles
  6 two-headed ogres
  2 centaur warriors (D:12)
  9 death yaks
  A shock serpent (shapeshifter) (D:12)
  A swamp dragon (shapeshifter) (D:12)
  Pikel (D:9)
  An orc knight (Bailey)
  6 ugly things
  2 manticores (D:12)
  3 cyclopes
  6 black mambas
  9 elephants
  An ice statue (IceCv)
  2 gargoyles
  7 cane toads
  3 unseen horrors
  6 komodo dragons
  7 rime drakes
  A tengu conjurer (D:12)
  A yaktaur (D:11)
  A queen bee (Lair:3)
  5 trolls
  21 blink frogs
  Prince Ribbit (Lair:2)
  7 polar bears
  3 slime creatures (D:12)
  7 dream sheep (Lair:3)
  2 wraiths
  Sigmund (D:4)
  54 yaks
  3 basilisks
  6 wyverns
  2 steam dragons
  Menkaure (D:4)
  5 acid dragons
  14 water moccasins
  9 orc warriors
  3 black bears
  An ice beast (D:5)
  A sky beast (D:8)
  6 centaurs
  13 wolves
  A kobold brigand (D:8)
  9 bullfrogs
  2 two-headed ogre simulacra (D:12)
  6 scorpions
  A gnoll sergeant (D:8)
  20 wights
  An elephant simulacrum (D:12)
  30 killer bees
  4 howler monkeys
  3 jellies
  4 orc priests
  A gnoll bouda (D:6)
  4 iguanas
  4 hell rats (Lair:2)
  17 orc wizards
  A spriggan simulacrum (D:12)
  2 wolf simulacra (D:12)
  13 gnolls
  7 adders
  2 naga simulacra (D:12)
  3 shadow imps
  2 white imps
  2 worms
  2 dart slugs
  41 orcs
  10 ball pythons
  6 endoplasms
  4 giant cockroaches
  6 goblins
  6 hobgoblins
  7 jackals
  12 kobolds
  2 quokkas
  4 bats
  2 frilled lizards
  4 rats
497 creatures vanquished.

Vanquished Creatures (others)
  13 fungi
  14 plants
27 creatures vanquished.

Grand Total: 524 creatures vanquished

Notes
Turn   | Place    | Note
-------+----------+-------------------------------------------
     0 | D:1      | purpskrrrp the Troll Fighter began the quest for the Orb.
     0 | D:1      | Reached XP level 1. HP: 22/22 MP: 0/0
   114 | D:1      | Reached XP level 2. HP: 29/29 MP: 1/1
   300 | D:1      | Found a faded altar of an unknown god.
   894 | D:2      | Reached XP level 3. HP: 36/36 MP: 2/2
  1063 | D:2      | Reached skill level 3 in Unarmed Combat
  1763 | D:3      | Reached XP level 4. HP: 36/44 MP: 3/3
  2527 | D:4      | Noticed a scorpion
  2528 | D:4      | Noticed a scorpion
  2580 | D:4      | Killed a scorpion
  2581 | D:4      | Reached skill level 4 in Unarmed Combat
  2581 | D:4      | Reached XP level 5. HP: 45/53 MP: 4/4
  2705 | D:4      | Reached XP level 6. HP: 58/61 MP: 5/5
  2711 | D:4      | Noticed Menkaure
  2717 | D:4      | Killed Menkaure
  2718 | D:4      | Reached skill level 5 in Unarmed Combat
  3068 | D:4      | Noticed Sigmund
  3075 | D:4      | Killed Sigmund
  3076 | D:4      | Reached XP level 7. HP: 60/70 MP: 6/6
  3921 | D:5      | Entered Level 5 of the Dungeon
  3950 | D:5      | Reached skill level 6 in Unarmed Combat
  4068 | D:5      | Noticed Low2's ghost (novice OgCA)
  4082 | D:5      | Found a transporter.
  4102 | D:5      | Found a transporter.
  4302 | D:5      | Reached skill level 5 in Shields
  4302 | D:5      | Reached XP level 8. HP: 44/79 MP: 7/7
  4306 | D:5      | Reached skill level 7 in Unarmed Combat
  4824 | D:6      | Reached skill level 5 in Fighting
  4837 | D:6      | Reached skill level 8 in Unarmed Combat
  5142 | D:6      | Found a shimmering altar of Xom.
  5142 | D:6      | Found a glowing golden altar of the Shining One.
  5142 | D:6      | Found an iron altar of Okawaru.
  5143 | D:6      | Found a snail-covered altar of Cheibriados.
  5143 | D:6      | Found a sacrificial altar of Ru.
  5272 | D:6      | Reached XP level 9. HP: 88/88 MP: 8/8
  5632 | D:7      | Found a radiant altar of Vehumet.
  5632 | D:7      | Found an opulent altar of Gozag.
  5660 | D:7      | Found a staircase to the Ecumenical Temple.
  5893 | Temple   | Entered the Ecumenical Temple
  6003 | Temple   | Became a worshipper of the Wu Jian Council
  6085 | D:7      | Reached skill level 9 in Unarmed Combat
  7352 | D:8      | Reached * piety under Wu Jian
  7417 | D:8      | Found a staircase to the Lair.
  7775 | D:9      | Reached skill level 10 in Unarmed Combat
  7820 | D:9      | Found a flagged portal.
  7829 | Bailey   | Entered a bailey
  7881 | Bailey   | Noticed an orc knight
  7958 | Bailey   | Killed an orc knight
  7959 | Bailey   | Reached XP level 10. HP: 72/100 MP: 4/9
  8167 | Bailey   | Identified the -1 cloak "Xirar" {Harm rN+}
  8328 | D:9      | Reached ** piety under Wu Jian
  8398 | D:9      | Reached skill level 11 in Unarmed Combat
  8467 | D:9      | Noticed Pikel
  8473 | D:9      | Noticed a two-headed ogre
  8478 | D:9      | Killed Pikel
  8485 | D:9      | Killed a two-headed ogre
  8586 | D:9      | Noticed a two-headed ogre
  8598 | D:9      | Killed a two-headed ogre
  8696 | D:9      | Found a staircase to the Orcish Mines.
  9210 | D:9      | Reached skill level 12 in Unarmed Combat
  9347 | D:10     | Entered Level 10 of the Dungeon
  9444 | D:10     | Noticed Gastronok
  9457 | D:10     | Killed Gastronok
  9458 | D:10     | Reached XP level 11. HP: 64/110 MP: 10/10
 10009 | D:11     | Noticed a green ugly thing
 10015 | D:11     | Killed a green ugly thing
 10016 | D:11     | Reached skill level 13 in Unarmed Combat
 10040 | D:11     | Noticed a green ugly thing
 10095 | D:11     | Found a radiant altar of Vehumet.
 10107 | D:11     | Killed a green ugly thing
 10168 | D:11     | Reached *** piety under Wu Jian
 10169 | D:11     | Noticed a two-headed ogre
 10175 | D:11     | Killed a two-headed ogre
 10246 | D:11     | Noticed a boulder beetle
 10257 | D:11     | Killed a boulder beetle
 10977 | D:12     | Found Vedus's Antique Weapon Boutique.
 11011 | D:12     | Noticed a cyan ugly thing
 11033 | D:12     | Found a frozen archway.
 11044 | D:12     | Killed a cyan ugly thing
 11045 | D:12     | Reached skill level 14 in Unarmed Combat
 11055 | D:12     | Reached XP level 12. HP: 31/122 MP: 11/11
 11135 | IceCv    | Entered an ice cave
 11185 | IceCv    | Noticed a death yak
 11190 | IceCv    | Killed a death yak
 11316 | IceCv    | Noticed a death yak
 11325 | IceCv    | Killed a death yak
 11327 | IceCv    | Reached **** piety under Wu Jian
 11586 | IceCv    | Noticed a death yak
 11599 | IceCv    | Killed a death yak
 11600 | IceCv    | Reached skill level 10 in Shields
 11708 | IceCv    | Noticed a death yak
 11708 | IceCv    | Noticed a death yak
 11712 | IceCv    | Killed a death yak
 11713 | IceCv    | Reached skill level 15 in Unarmed Combat
 11718 | IceCv    | Killed a death yak
 11757 | IceCv    | Noticed a death yak
 11757 | IceCv    | Noticed a frost giant
 11774 | IceCv    | Killed a frost giant
 11788 | IceCv    | Killed a death yak
 12191 | D:12     | Noticed a boulder beetle
 12200 | D:12     | Killed a boulder beetle
 12247 | D:12     | Noticed a two-headed ogre
 12248 | D:12     | Noticed a centaur warrior
 12256 | D:12     | Killed a two-headed ogre
 12257 | D:12     | Reached XP level 13. HP: 80/133 MP: 12/12
 12699 | D:12     | Reached skill level 10 in Fighting
 12699 | D:12     | Reached skill level 16 in Unarmed Combat
 13108 | D:12     | Reached ***** piety under Wu Jian
 13151 | D:12     | Identified the amulet of Zasu {RegenMP Rampage Int+5}
 13663 | D:13     | Noticed Kirke
 13808 | Lair:1   | Entered Level 1 of the Lair of Beasts
 14260 | Lair:1   | Reached skill level 17 in Unarmed Combat
 15020 | Lair:2   | Noticed Prince Ribbit
 15028 | Lair:2   | Killed Prince Ribbit
 15194 | Lair:2   | Identified the +1 arbalest "Edoschaf" {vorpal, rC+}
 15277 | Lair:2   | Reached XP level 14. HP: 61/144 MP: 13/13
 15636 | Lair:2   | Identified the +8 flail "Demonslayer" {elec, *Rage Will+
                  | Str+2 Dex+2}
 16355 | Lair:3   | Found a staircase to the Swamp.
 16358 | Lair:3   | Noticed KennySheep's ghost (journeyman DgCj)
 16450 | Lair:3   | Found a staircase to the Snake Pit.
 16465 | Lair:3   | Found a transporter.
 16470 | Lair:3   | Found a transporter.
 16866 | Lair:4   | Reached skill level 18 in Unarmed Combat
 17818 | Lair:5   | Entered Level 5 of the Lair of Beasts
 18189 | Lair:5   | HP: 6/148 [13-headed hydra (10)]
 18189 | Lair:5   | Slain by a 13-headed hydra

Illustrated notes

Levels and vault maps discovered:
D:1:      mrwooster_arrival_statue_2, layout_loops_cross,
          hellmonk_ecumenical_altar_slurped_away
D:2:      layout_basic, hex_intersection, nicolae_underground_beach
D:3:      layout_basic, saegor_snake_ambush
D:4:      layout_loops_cross, serial_co_window_serial, co_window_paths_b,
          co_window_corner_a, co_window_of_opportunity_a, co_window_paths_a,
          co_window_paths_a, co_window_corner_a, co_window_corner_cb,
          co_window_corner_ca, co_window_2corner, co_window_paths_c,
          co_window_unsneaky_path_e, co_window_paths_c, co_window_paths_e,
          glass_columns_b, glass_columns_b, uniq_sigmund, uniq_menkaure
D:5:      layout_basic, gammafunk_ghost_stat_death, st_stairs_3
D:6:      layout_loops_cross, grunt_temple_overflow_open,
          minmay_a_box_with_orc_wizards_in_it
D:7:      layout_gridville, gammafunk_temple_overflow_pools,
          minmay_temple_entry_statues_fountains, serial_co_window_serial,
          co_window_paths_b, co_window_paths_b, co_window_of_opportunity_a,
          co_window_paths_b, co_window_cross_1, co_window_of_opportunity_a,
          co_window_paths_b, co_window_corner_a, co_window_paths_b,
          co_window_corner_b, co_window_corner_ca, co_window_cross_2,
          co_window_4corner_a, glass_columns_b, glass_columns_b,
          glass_columns_b, glass_columns_c, glass_columns_b
D:8:      layout_basic, lair_entry_dummy
D:9:      layout_layer_cave, orc_0_dummy, enter_bailey_2,
          minmay_tree_intersection, uniq_pikel
D:10:     layout_rooms, uniq_gastronok
D:11:     layout_stronghold, minmay_ruined_shrine
D:12:     minmay_the_grid_triangle_9x9_recursive_3_mashed
          [minmay_the_grid_triangle_9x9_alien,
          minmay_the_grid_triangle_9x9_minimal,
          minmay_the_grid_triangle_9x9_shrine,
          minmay_the_grid_triangle_9x9_prize_top_heavy,
          minmay_the_grid_triangle_9x9_skeleton,
          minmay_the_grid_triangle_9x9_zippers_vertical,
          minmay_the_grid_triangle_9x9_windchime,
          minmay_the_grid_triangle_9x9_descending_squares,
          minmay_the_grid_triangle_9x9_dagger], layout_basic,
          gauntlet_entry_generic, portal_ice_cave_entry_ice_simulacra,
          kennysheep_diamond
D:13:     layout_roguey, uniq_kirke
Temple:   regret_index_temple_waves
Lair:1:   layout_cave_pods
Lair:2:   layout_big_grid, uniq_prince_ribbit2
Lair:3:   layout_roguey [special_room_bee], swamp_mist, dummy_snake_entry,
          nzn_ghost_randoct, chequers_serial_rivers_micro_b
Lair:4:   layout_regular_city, serial_rivers, chequers_serial_rivers_micro_b,
          chequers_serial_rivers_room_a, chequers_serial_rivers_micro_d,
          chequers_serial_rivers_small_b, chequers_serial_rivers_micro_c
Lair:5:   evil_forest, layout_misc_corridors, dpeg_slime_entry_enclosed,
          tgw_fedhas

Skill      XL: |  1  2  3  4  5  6  7  8  9 10 11 12 13 14 |
---------------+-------------------------------------------+-----
Shields        | 3 4 5 7 8 9 10 11 12 | 12.0
Unarmed Combat | 3 4 5 6 8 10 12 14 15 17 18 | 18.8
Fighting       | 3 4 5 6 7 8 9 10 11 | 11.7
Dodging        | |  2.4

Action                   |  1- 3 |  4- 6 |  7- 9 | 10-12 | 13-15 || total
-------------------------+-------+-------+-------+-------+-------++-------
Melee: Unarmed           |   113 |    89 |   355 |   467 |   688 ||  1712
Throw: Large rock        |       |       |       |       |     1 ||     1
Invok: Lunge             |       |       |    21 |    28 |    16 ||    65
       Whirlwind         |       |       |       |     3 |    71 ||    74
       Serpent's Lash    |       |       |       |       |     1 ||     1
       Heavenly Storm    |       |       |       |       |     1 ||     1
 Abil: Wall Jump         |       |       |       |     8 |    14 ||    22
Evoke: Wand              |       |       |       |    15 |     1 ||    16
  Use: Potion            |     3 |     1 |     4 |     5 |     4 ||    17
       Scroll            |     1 |     6 |    12 |     5 |    11 ||    35
 Stab: Invisible         |       |       |       |     1 |       ||     1
Armor: Robe              |    32 |    17 |    62 |     8 |       ||   119
       Acid dragon scale |       |       |       |   117 |   141 ||   258
       Ice dragon scales |       |       |       |       |    44 ||    44
Dodge: Dodged            |    29 |    28 |   100 |   170 |   196 ||   523
Block: Kite shield       |    36 |    38 |   133 |   164 |   362 ||   733

Table legend: (Time is in decaauts)
 A = Elapsed time spent in this place.
 B = Non-inter-level travel time spent in this place.
 C = Inter-level travel time spent in this place.
 D = Time resting spent in this place.
 E = Time spent auto-exploring this place.
 F = Levels seen in this place.
 G = Mean time per level.
                   A        B        C        D        E       F      G
               +--------+--------+--------+--------+--------+-----+--------+
         Total |  18001 |  16867 |   1134 |   1860 |  11397 |  21 |  857.2 |
       Dungeon |  12291 |  11461 |    830 |   1157 |   8159 |  13 |  945.5 |
        Temple |    133 |     83 |     50 |      0 |     66 |   1 |  133.0 |
          Lair |   4275 |   4022 |    253 |    421 |   2725 |   5 |  855.0 |
        Bailey |    427 |    427 |      0 |     59 |    139 |   1 |  427.0 |
      Ice Cave |    873 |    873 |      0 |    222 |    306 |   1 |  873.0 |
               +--------+--------+--------+--------+--------+-----+--------+

Top non-repeatable levels by time:
    D:12: 1731 daAuts
     D:4: 1362 daAuts
     D:9: 1234 daAuts
  Lair:1: 1120 daAuts
     D:7: 1084 daAuts
  Lair:4: 1072 daAuts
  Lair:3: 1063 daAuts
     D:8: 1061 daAuts
    D:11: 1038 daAuts
     D:3: 984 daAuts
     D:2: 934 daAuts
   IceCv: 873 daAuts
     D:6: 812 daAuts
     D:5: 802 daAuts
  Lair:2: 758 daAuts
